 Dungeon Crawl Stone Soup version 0.28-a0-662-g1651b1f1e0 (webtiles) character file.

Game seed: 5999401817054611244

79 tilp the Magician (level 4, -8/32 HPs)
             Began as a Gnoll Hedge Wizard on Oct 14, 2021.
             Was a Believer of Jiyva.
             Mangled by Pikel (13 damage)
             ... on level 3 of the Dungeon.
             The game lasted 00:06:27 (3838 turns).

tilp the Magician (Gnoll Hedge Wizard)              Turns: 3838, Time: 00:06:28

Health: -8/32      AC:  2    Str: 12    XL:     4   Next: 38%
Magic:  6/13       EV: 13    Int: 13    God:    Jiyva [**....]
Gold:   43         SH:  0    Dex: 10    Spells: 10/17 levels left

rFire   . . .      SeeInvis .   a - +1 hand axe
rCold   . . .      Faith    .   (no shield)
rNeg    . . .      Spirit   .   b - +0 robe
rPois   .          Reflect  .   c - +0 hat
rElec   .          Harm     .   (no cloak)
rCorr   .          Rampage  .   (no gloves)
Will    .....                   (no boots)
Stlth   ++........              (no amulet)
HPRegen 0.10/turn               (no ring)
MPRegen 0.13/turn               (no ring)

@: no status effects
A: fangs 1, strong nose, distributed training
a: Renounce Religion, Request Jelly


You were on level 3 of the Dungeon.
You worshipped Jiyva.
Jiyva was pleased with you.
You visited 1 branch of the dungeon, and saw 4 of its levels.

You collected 43 gold pieces.

Inventory:

Hand Weapons
 a - a +1 hand axe (weapon)
Missiles
 d - 21 sling bullets
 g - 59 stones
 k - 19 arrows
Armour
 b - a +0 robe (worn)
 c - a +0 hat (worn)
Magical Staves
 i - a staff of cold
 m - a staff of earth
Jewellery
 f - a ring of wizardry
Potions
 e - a potion of brilliance {unknown}
 h - a potion of invisibility {unknown}
 j - a potion of magic {unknown}
 n - 2 potions of curing
 q - a potion of heal wounds {unknown}


   Skills:
 + Level 1.1 Fighting
 + Level 1.1 Short Blades
 + Level 1.1 Long Blades
 + Level 1.1 Axes
 + Level 1.1 Maces & Flails
 + Level 1.1 Polearms
 + Level 1.1 Staves
 + Level 1.1 Slings
 + Level 1.1 Bows
 + Level 1.1 Crossbows
 + Level 1.1 Throwing
 + Level 1.1 Armour
 + Level 4.6 Dodging
 + Level 4.2 Stealth
 + Level 1.1 Shields
 + Level 1.1 Unarmed Combat
 + Level 7.2 Spellcasting
 + Level 2.2 Conjurations
 + Level 0.9 Hexes
 + Level 2.2 Summonings
 + Level 0.9 Necromancy
 + Level 2.2 Translocations
 + Level 0.9 Transmutations
 + Level 0.9 Fire Magic
 + Level 0.9 Ice Magic
 + Level 0.9 Air Magic
 + Level 0.9 Earth Magic
 + Level 0.9 Poison Magic
 + Level 1.2 Invocations
 + Level 1.1 Evocations


You had 10 spell levels left.
You knew the following spells:

 Your Spells              Type           Power      Damage    Failure   Level
a - Magic Dart            Conj           40%        1d5       6%          1
b - Call Imp              Summ           10%        N/A       9%          2
c - Blink                 Tloc           N/A        N/A       9%          2
d - Slow                  Hex            7%         N/A       16%         2

Your spell library contained the following spells:

 Spells                   Type           Power      Damage    Failure   Level
 Conjure Flame            Conj/Fire      8%         6-21      24%         3
 Mephitic Cloud           Conj/Pois/Air  8%         N/A       26%         3


Dungeon Overview and Level Annotations

Branches:
Dungeon (4/15)
 Temple: D:4-7

Altars:
Yredelemnul
Jiyva

Annotations:
D:3 1 runed translucent door, Pikel; stickyfingers's ghost, amateur HOGl
D:4 Grinder


Innate Abilities, Weirdness & Mutations

You have very sharp teeth.
Your uncanny sense of smell can sniff out nearby items.
Your experience applies equally to all skills.


Message History

Confirm with . or Enter, or press ? or * to list all spells.
A beastly little devil appears in a puff of frigid air.
Casting: Call Imp (safe; 9% risk of failure)
Confirm with . or Enter, or press ? or * to list all spells.
Aiming: Magic Dart (safe; 6% risk of failure)
Press: ? - help, Shift-Dir - straight line, f - Pikel
Aim: Pikel, wielding a +2 whip of electrocution and wearing a +0 robe (lightly wounded, ally target, 100% to hit)
The magic dart hits Pikel but does no damage.
Pikel is lightly wounded.
Unknown command.
You hit Pikel but do no damage.
Pikel is lightly wounded.
Pikel hits you with a +2 whip of electrocution!
Your white imp misses Pikel.
Pikel hits you with a +2 whip of electrocution!
You hit Pikel but do no damage. Your bite misses Pikel.
Pikel is lightly wounded.
Your white imp hits Pikel but does no damage.
Pikel misses you.
Unknown command.
You hit Pikel.
Pikel is lightly wounded.
Your white imp hits Pikel but does no damage.
Pikel completely misses you.
Unknown command.
You hit Pikel but do no damage.
Pikel is lightly wounded.
Your white imp hits Pikel.
Your white imp freezes Pikel.
Pikel hits you with a +2 whip of electrocution.
Your white imp gestures at Pikel.
The puff of frost hits Pikel.
You closely miss Pikel.
Pikel is moderately wounded.
Pikel hits you with a +2 whip of electrocution!
* * * LOW HITPOINT WARNING * * *
Your white imp barely misses Pikel.
Pikel hits you with a +2 whip of electrocution.
* * * LOW HITPOINT WARNING * * *
You are electrocuted!
You die...

.#.....#..#..#.#.#.# #.# ####...
.................#.# #.# ####
##...........#.###.# #.#
#...........#.# #J# ##'#######
##.....####....# #.# #........#
.....### ###### #.# #........#
##.#.# #.###........# # .....#
#####...'........# # ...###
#..@.####........# #
...###########.5K.## #...J....# #
...#.........'.....# #........# #
...#.#########.>...##############
...#.##### #..................#
##..J....# #.....#.....<.......
##.......# #.....#.....##.###.#
.#.......# ##.##.#.###.##.#....
.#.......# #.##.#.# #.##...#.#


You could see Pikel (ally target) and a friendly white imp (summoned).

Vanquished Creatures
  A hound (D:3)
  An adder (D:3)
  4 orcs (D:3)
  3 ball pythons
  2 endoplasms (D:2)
  5 hobgoblins
  4 jackals (D:4)
  2 kobolds
  2 quokkas
  3 bats
  A frilled lizard (D:1)
  7 goblins
  A jackal skeleton (D:4)
  2 rats
38 creatures vanquished.

Vanquished Creatures (others)
  3 jellies
  2 orc priests (D:3)
  A dart slug (D:3)
  2 orcs (D:3)
  2 goblins
  A hobgoblin (D:3)
  A kobold (D:4)
  A bat (D:3)
  A frilled lizard (D:3)
  A rat (D:1)
15 creatures vanquished.

Grand Total: 53 creatures vanquished

Notes
Turn   | Place    | Note
-------+----------+-------------------------------------------
     0 | D:1      | tilp the Gnoll Hedge Wizard began the quest for the Orb.
     0 | D:1      | Reached XP level 1. HP: 13/13 MP: 8/8
   466 | D:1      | You fall into a shaft and drop 1 floor!
   477 | D:2      | Reached XP level 2. HP: 19/19 MP: 1/10
   553 | D:2      | Learned a level 2 spell: Call Imp
   556 | D:2      | Learned a level 2 spell: Blink
   559 | D:2      | Learned a level 2 spell: Slow
   751 | D:2      | Found a faded altar of an unknown god.
   779 | D:2      | Prayed at the altar of an unknown god.
   779 | D:2      | Became a worshipper of Jiyva Joclesso the Shapeless
   779 | D:2      | Reached * piety under Jiyva
  2206 | D:3      | Reached XP level 3. HP: 18/25 MP: 8/11
  2472 | D:3      | Reached skill level 1 in Fighting
  2472 | D:3      | Reached skill level 1 in Short Blades
  2472 | D:3      | Reached skill level 1 in Long Blades
  2472 | D:3      | Reached skill level 1 in Axes
  2472 | D:3      | Reached skill level 1 in Maces & Flails
  2472 | D:3      | Reached skill level 1 in Polearms
  2472 | D:3      | Reached skill level 1 in Staves
  2472 | D:3      | Reached skill level 1 in Slings
  2472 | D:3      | Reached skill level 1 in Bows
  2472 | D:3      | Reached skill level 1 in Crossbows
  2472 | D:3      | Reached skill level 1 in Throwing
  2472 | D:3      | Reached skill level 1 in Armour
  2472 | D:3      | Reached skill level 1 in Shields
  2472 | D:3      | Reached skill level 1 in Unarmed Combat
  2472 | D:3      | Reached skill level 1 in Invocations
  2472 | D:3      | Reached skill level 1 in Evocations
  2472 | D:3      | Reached XP level 4. HP: 16/32 MP: 13/13
  2508 | D:3      | Reached ** piety under Jiyva
  2665 | D:3      | Found a runed translucent door.
  2675 | D:3      | Noticed stickyfingers's ghost (amateur HOGl)
  3259 | D:4      | Noticed a phantom
  3430 | D:4      | Noticed a lemure
  3430 | D:4      | Noticed a lemure
  3801 | D:4      | Noticed Grinder
  3801 | D:4      | Noticed Pikel
  3809 | D:4      | Found a basalt altar of Yredelemnul.
  3812 | D:4      | Noticed a lemure
  3829 | D:4      | Noticed a lemure
  3838 | D:3      | Mangled by Pikel

Illustrated notes

Levels and vault maps discovered:
D:1:      heliophobic_arrival_henge, layout_basic, kennysheep_doodads,
          minmay_pentomino_p2
D:2:      layout_basic, serial_aquarium, aquarium_bridge_straight
          [aquarium_subvault_bridge, aquarium_subvault_wall,
          aquarium_subvault_bridge, aquarium_subvault_wall],
          aquarium_bridge_straight [aquarium_subvault_bridge,
          aquarium_subvault_window, aquarium_subvault_bridge,
          aquarium_subvault_balcony], aquarium_window_3, aquarium_window_1,
          aquarium_window_2, aquarium_window_1, aquarium_view_2d,
          shapermc_ecumenical_altar_mp_vishouse
D:3:      layout_basic, ebering_ghost_sewer_d
D:4:      layout_layer_cave, yredelemnul_altar_generic, uniq_pikel,
          uniq_grinder, uniq_blork_the_orc, uniq_natasha, uniq_edmund

Skill      XL: |  1  2  3 |
---------------+----------+-----
Conjurations   | 2 |  2.2
Summonings     | 2 |  2.2
Translocations | 2 |  2.2
Fighting       | 1 |  1.1
Short Blades   | 1 |  1.1
Long Blades    | 1 |  1.1
Axes           | 1 |  1.1
Maces & Flails | 1 |  1.1
Polearms       | 1 |  1.1
Staves         | 1 |  1.1
Slings         | 1 |  1.1
Bows           | 1 |  1.1
Crossbows      | 1 |  1.1
Throwing       | 1 |  1.1
Armour         | 1 |  1.1
Shields        | 1 |  1.1
Unarmed Combat | 1 |  1.1
Invocations    | 1 |  1.2
Evocations     | 1 |  1.1
Dodging        | |  4.6
Stealth        | |  4.2
Spellcasting   | |  7.2
Hexes          | |  0.9
Necromancy     | |  0.9
Transmutations | |  0.9
Fire Magic     | |  0.9
Ice Magic      | |  0.9
Air Magic      | |  0.9
Earth Magic    | |  0.9
Poison Magic   | |  0.9

Action                   |  1- 3 |  4- 6 || total
-------------------------+-------+-------++-------
Melee: Dagger            |     8 |       ||     8
       Hand axe          |    27 |    15 ||    42
       Bite              |     2 |     1 ||     3
 Cast: Magic Dart        |    38 |    27 ||    65
       Blink             |       |     2 ||     2
       Call Imp          |       |     1 ||     1
Invok: Request Jelly     |     2 |     1 ||     3
  Use: Scroll            |     6 |     1 ||     7
 Stab: Sleeping          |     5 |     1 ||     6
Armor: Robe              |     5 |       ||     5
Dodge: Dodged            |    31 |    11 ||    42

Table legend: (Time is in decaauts)
 A = Elapsed time spent in this place.
 B = Non-inter-level travel time spent in this place.
 C = Inter-level travel time spent in this place.
 D = Time resting spent in this place.
 E = Time spent auto-exploring this place.
 F = Levels seen in this place.
 G = Mean time per level.
                   A        B        C        D        E       F      G
               +--------+--------+--------+--------+--------+-----+--------+
         Total |   3852 |   3527 |    325 |    342 |   2698 |   4 |  963.0 |
       Dungeon |   3852 |   3527 |    325 |    342 |   2698 |   4 |  963.0 |
               +--------+--------+--------+--------+--------+-----+--------+

Top non-repeatable levels by time:
     D:3: 1517 daAuts
     D:1: 1061 daAuts
     D:2: 954 daAuts
     D:4: 318 daAuts
